 Dungeon Crawl Stone Soup version 0.31-a0-880-g9a209b2425 (webtiles) character file.

Game seed: 11725823402315336024

294 Querens the Shield-Bearer (level 6, -10/49 HPs)
             Began as a Formicid Fighter on Oct 15, 2023.
             Mangled by Blork the orc
             ... wielding a +0 glaive
              (11 damage)
             ... on level 4 of the Dungeon.
             The game lasted 00:06:38 (2118 turns).

Querens the Shield-Bearer (Formicid Fighter)        Turns: 2118, Time: 00:06:39

Health: -10/49     AC:  9    Str: 23    XL:     6   Next: 60%
Magic:  6/6        EV:  6    Int:  7    God:
Gold:   99         SH:  5    Dex: 11    Spells: 5/5 levels left

rFire   + . .        a - +0 war axe
rCold   + + .        c - +0 buckler
rNeg    . . .        h - +0 plate armour
rPois   +            (helmet unavailable)
rElec   +            (no cloak)
rCorr   +            q - +0 pair of gloves
SInv    +            (no boots)
Will    .....        (no amulet) Stlth
                     e - ring of protection from cold
HPRegen 0.28/turn    (no ring)
MPRegen 0.10/turn

%: no passive effects
@: mighty, resistant, corroded
A: permanent stasis, dig shafts and tunnels, antennae 3, four strong arms,
clumsy 1
a: Dig, Shaft Self


You were on level 4 of the Dungeon.
You visited 1 branch of the dungeon, and saw 4 of its levels.

You collected 99 gold pieces.

Inventory:

Hand Weapons
 a - a +0 war axe (weapon)
 k - the +1 spear of Zasecev {vamp, *Noise Fly rCorr Stlth+}
   (You found it on level 3 of the Dungeon)

   Fly:       It grants you flight.
   *Noise:    It may make a loud noise when swung.
   rCorr:     It protects you from acid and corrosion.
   Stlth+:    It makes you more stealthy.
Missiles
 n - a throwing net
Armour
 c - a +0 buckler (worn)
 h - a +0 plate armour (worn)
 l - the +1 chain mail of Unreason {Rampage Drain rElec}
   (You found it on level 3 of the Dungeon)

   rElec:     It insulates you from electricity.
   Drain:     It drains your maximum health when unequipped.
   Rampage:   It bestows one free step when moving towards enemies.
 q - a +0 pair of gloves (worn)
Jewellery
 e - a ring of protection from cold (left hand)
Scrolls
 i - a scroll of enchant weapon {unknown}
 j - a scroll of identify {unknown}
 o - a scroll of amnesia {unknown}
 p - a scroll of noise {unknown}
 s - a scroll of fear {unknown}
Potions
 b - a potion of haste
 f - 2 potions of mutation
 g - a potion of resistance
 m - a potion of heal wounds {unknown}
 r - a potion of attraction {unknown}


   Skills:
 + Level 4.7 Fighting
 + Level 3.5 Axes
 + Level 4.7 Armour
 + Level 5.7 Shields


You had 5 spell levels left.
You didn't know any spells.
Your spell library contained the following spells:

 Spells                   Type           Power      Damage    Failure   Level
 Slow                     Hex            0%         N/A       100%        1
 Scorch                   Fire           0%         2d5       100%        2
 Confusing Touch          Hex            0%         N/A       100%        3
 Dazzling Flash           Conj/Hex       0%         N/A       100%        3
 Sigil of Binding         Hex            0%         N/A       100%        3
 Vampiric Draining        Necr           0%         2d6       100%        3
 Volatile Blastmotes      Fire/Tloc      0%         2d10      100%        3
 Flame Wave               Conj/Fire      0%         2d4       100%        4
 Starburst                Conj/Fire      0%         6d3       100%        6
 Summon Cactus Giant      Summ           0%         N/A       100%        6
 Maxwell's Capacitive Co  Air            0%         ∞         100%        8


Dungeon Overview and Level Annotations

Branches:
Dungeon (4/15)
 Temple: D:4-7

Altars:
Makhleb
Uskayaw

Annotations:
D:4 Blork the orc


Innate Abilities, Weirdness & Mutations

You cannot be hasted, slowed, berserked, paralysed or teleported.
You can dig through walls and to a lower floor.
You have a pair of large antennae on your head. (SInv)
Your four strong arms can wield two-handed weapons with a shield.
You are clumsy. (Dex -2)


Message History

You hit the jelly.
Your hands burn!
The jelly is heavily wounded.
You barely miss the orc. The orc hits you with a +0 dagger.
The jelly hits you but does no damage.
Blork the orc screams, "I'll cover the dungeon with your blood!"
You hit the jelly.
Your hands burn!
The jelly is severely wounded.
You closely miss the orc. The orc hits you but does no damage.
The jelly hits you but does no damage.
Blork the orc hits you from afar with a +0 glaive!
You hit the jelly but do no damage.
Your hands burn!
The jelly is severely wounded.
You slash the orc!
You kill the orc!
Blork the orc hits you but does no damage.
You block the jelly's attack. The jelly hits you but does no damage.
Blork the orc mumbles some strange words.
Blork the orc seems to speed up.
You slash the jelly!
You kill the jelly!
Blork the orc hits you from afar with a +0 glaive!
* * * LOW HITPOINT WARNING * * *
Blork the orc hits you but does no damage.
Unknown command.
Okay, then.
It was a potion of mutation.
You feel extremely strange.
You feel clumsy. Blork the orc barely misses you.
You feel very mighty all of a sudden.
Blork the orc hits you from afar with a +0 glaive.
* * * LOW HITPOINT WARNING * * *
Blork the orc casts a cantrip, but nothing happens.
It was a potion of haste.
Your stasis prevents you from being hasted.
Blork the orc hits you from afar with a +0 glaive.
* * * LOW HITPOINT WARNING * * *
It was a potion of resistance.
You feel protected.
Blork the orc hits you from afar with a +0 glaive!
You die...

.... ##. ...##.... #
.. ###...#$..$ .
..###...........
...#....?.......
.......o........ ...
..#._.#.)......##
..##
......)@........#
#... ...............#
#...
...##.....#....## #..
.
#......#.....#######.
#...........##.....#.
#.................<[.
###.###..###.........
## ###..#.........
#.............


You could see Blork the orc (fast).

Vanquished Creatures
  A hound (D:4)
  A jelly (D:4)
  7 gnolls
  7 adders
  5 worms
  4 dart slugs
  3 orcs
  7 endoplasms
  3 giant cockroaches
  10 goblins
  4 hobgoblins
  6 quokkas
  6 ball pythons
  5 bats
  9 kobolds
  5 rats
83 creatures vanquished.

Notes
Turn   | Place    | Note
-------+----------+-------------------------------------------
     0 | D:1      | Querens the Formicid Fighter began the quest for the Orb.
     0 | D:1      | Reached XP level 1. HP: 18/18 MP: 1/1
    64 | D:1      | Reached XP level 2. HP: 19/24 MP: 2/2
   242 | D:1      | Reached XP level 3. HP: 26/29 MP: 3/3
   644 | D:2      | Reached XP level 4. HP: 34/37 MP: 4/4
  1279 | D:3      | Identified the +1 spear of Zasecev {vamp, *Noise Fly rCorr
                  | Stlth+}
  1309 | D:3      | Identified the +1 chain mail of Unreason {Rampage Drain
                  | rElec}
  1321 | D:3      | Reached skill level 5 in Shields
  1321 | D:3      | Reached XP level 5. HP: 38/42 MP: 5/5
  1743 | D:3      | Found a burning altar of Makhleb.
  1912 | D:3      | Reached XP level 6. HP: 32/49 MP: 6/6
  2101 | D:4      | Found a hide-covered altar of Uskayaw.
  2108 | D:4      | Noticed Blork the orc
  2115 | D:4      | Gained mutation: You are clumsy. (Dex -2) [potion of
                  | mutation]
  2117 | D:4      | HP: 1/49 [Blork the orc/+0 glaive (6)]
  2118 | D:4      | Mangled by Blork the orc

Illustrated notes

Levels and vault maps discovered:
D:1:      wheals_arrival_shading, layout_loops_cross
D:2:      layout_loops_corners, minmay_tetromino_l4
D:3:      layout_loops_ring, lightli_temple_of_fire
D:4:      layout_cave_pools, mainiacjoe_overflow_tiny_flanked,
          hangedman_feature_mirror, uniq_blork_the_orc

Skill      XL: |  1  2  3  4  5 |
---------------+----------------+-----
Armour         | 4 |  4.7
Fighting       | 4 |  4.7
Shields        | 5 |  5.7
Axes           | 3 |  3.5

Action                     |  1- 3 |  4- 6 || total
---------------------------+-------+-------++-------
  Melee: War axe           |    87 |   178 ||   265
    Use: Potion            |       |     4 ||     4
 Armour: Scale mail        |    53 |       ||    53
         Plate armour      |    17 |   152 ||   169
  Dodge: Dodged            |    40 |    60 ||   100
  Block: Buckler           |    18 |    50 ||    68

Table legend: (Time is in decaauts)
 A = Elapsed time spent in this place.
 B = Non-inter-level travel time spent in this place.
 C = Inter-level travel time spent in this place.
 D = Time resting spent in this place.
 E = Time spent auto-exploring this place.
 F = Levels seen in this place.
 G = Mean time per level.
                   A        B        C        D        E       F      G
               +--------+--------+--------+--------+--------+-----+--------+
         Total |   2221 |   2069 |    152 |      0 |      0 |   4 |  555.2 |
       Dungeon |   2221 |   2069 |    152 |      0 |      0 |   4 |  555.2 |
               +--------+--------+--------+--------+--------+-----+--------+

Top non-repeatable levels by time:
     D:3: 746 daAuts
     D:2: 730 daAuts
     D:1: 545 daAuts
     D:4: 198 daAuts
